 Dungeon Crawl Stone Soup version 0.31-a0-978-g1e143483b6 (webtiles) character file.

Game seed: 8018186927794829781

390 timneilson the Changeling (level 6, -5/42 HPs)
             Began as an Octopode Shapeshifter on Oct 30, 2023.
             Killed by an exploding butterfly (17 damage)
             ... ignited by their inner flame
             ... in a sewer.
             The game lasted 00:06:00 (2315 turns).

timneilson the Changeling (Octopode Shapeshifter)   Turns: 2315, Time: 00:06:00

Health: -5/42      AC:  1    Str: 16    XL:     6   Next: 80%
Magic:  8/8        EV: 13    Int: 12    God:
Gold:   803        SH:  0    Dex: 11    Spells: 8/8 levels left

rFire   . .          .
                       - Unarmed
rCold   . . .        (no shield)
rNeg    . . .        (helmet currently unavailable)
rPois   .            (no amulet)
rElec   .            h - ring of flight
rCorr   .            (no ring)
SInv    .            (no ring)
Will    .....        (no ring)
Stlth   +++          (no ring)
HPRegen 0.27/turn    (no ring)
MPRegen 0.11/turn    (no ring)
                     (no ring)

%: no passive effects
@: beast-form, flying
A: beast (slay +2), almost no armour, amphibious, 8 rings, camouflage 1,
gelatinous body 1, (nimble swimmer 1), tentacles
a: Begin Untransformation


You were in a sewer.
You were a hulking beast.
You visited 1 branch of the dungeon, and saw 3 of its levels.
You also visited: Sewer.

You collected 803 gold pieces.

Inventory:

Missiles
 f - 4 throwing nets
Jewellery
 h - a ring of flight (left tentacle)
Talismans
 b - a beast talisman
 c - a flux talisman
Scrolls
 i - a scroll of fear
 k - a scroll of teleportation
 m - a scroll of fog
Potions
 a - a potion of lignification
 d - a potion of degeneration {unknown}
 g - a potion of enlightenment
 j - a potion of berserk rage {unknown}
 l - 2 potions of mutation
 p - 2 potions of curing {unknown}
 q - a potion of brilliance {unknown}


   Skills:
 * Level 3.0 Fighting
 * Level 3.4 Dodging
 + Level 2.7 Stealth
 * Level 4.1 Unarmed Combat
 + Level 1.6 Spellcasting
 * Level 4.1 Shapeshifting


You had 8 spell levels left.
You didn't know any spells.
Your spell library was empty.

Dungeon Overview and Level Annotations

Branches:
Dungeon (3/15)              Sewer (1/1)

Altars:


Innate Abilities, Weirdness & Mutations

You are a hulking beast.
Your limbs bulge with bestial killing power. (Slay +2)
You cannot wear most types of armour.
You are amphibious.
You can wear up to eight rings at the same time.
Your skin changes colour to match your surroundings (Stealth+).
Your rubbery body absorbs attacks. (AC +1, EV +1)
((You are camouflaged when in or above water. (Stealth+)))
You have tentacles for arms and can constrict up to eight enemies at once.


Message History

The fiery explosion engulfs your butterfly!!
Your butterfly disappears in a burst of colours!
The fiery explosion engulfs your butterfly!!
Your butterfly disappears in a burst of colours!
The fiery explosion engulfs your butterfly!!
Your butterfly disappears in a burst of colours!
Your butterfly explodes! x2
The fiery explosion engulfs your butterfly!!
Your butterfly disappears in a burst of colours!
Your butterfly explodes! x2
The fiery explosion engulfs your butterfly!!
Your butterfly disappears in a burst of colours!
The fiery explosion engulfs your butterfly!!
Your butterfly disappears in a burst of colours!
Your butterfly explodes!
The fiery explosion engulfs your butterfly!
Your butterfly disappears in a burst of colours!
The fiery explosion engulfs your butterfly!
Your butterfly disappears in a burst of colours!
The fiery explosion engulfs your butterfly!!
Your butterfly disappears in a burst of colours!
Your butterfly explodes!
The fiery explosion engulfs your butterfly!!
Your butterfly disappears in a burst of colours!
The fiery explosion engulfs your butterfly!!
Your butterfly disappears in a burst of colours!
Your butterfly explodes! x2
The fiery explosion engulfs your butterfly!!
Your butterfly disappears in a burst of colours!
The fiery explosion engulfs your butterfly!
Your butterfly disappears in a burst of colours!
Your butterfly explodes!
The fiery explosion engulfs your butterfly!!
Your butterfly disappears in a burst of colours!
Your butterfly explodes! x4
The fiery explosion engulfs your butterfly!!
Your butterfly disappears in a burst of colours!
Your butterfly explodes! x4
The fiery explosion engulfs you!
You die...

##.## ##≈## ##~##
# #.# #§# #~# #§#
#§# #~# #§# ##§##
##~## ##§##
##§§§## ##~..##
##§§§##
#§§§§§#####....~#
#§§§§§#
#§§§§§§§~~~.....#
#§§§§##
#§§§§§#####.~..~#
##.### ##§§h##
##.~.## ### #####
#####


There were no monsters in sight!

Vanquished Creatures
  2 kobold brigands (Sewer)
  Jessica (D:3)
  Natasha (D:2)
  Terence (D:2)
  5 gnolls
  4 adders
  A river rat (Sewer)
  7 worms
  6 endoplasms
  6 hobgoblins
  10 kobolds
  3 quokkas
  9 ball pythons
  5 bats
  4 frilled lizards
  6 goblins
  5 rats
76 creatures vanquished.

Notes
Turn   | Place    | Note
-------+----------+-------------------------------------------
     0 | D:1      | timneilson the Octopode Shapeshifter began the quest for
                  | the Orb.
     0 | D:1      | Reached XP level 1. HP: 13/13 MP: 1/1
    86 | D:1      | Reached XP level 2. HP: 14/18 MP: 2/2
   414 | D:1      | Found a faded altar of an unknown god.
   456 | D:2      | Reached skill level 1 in Stealth
   463 | D:2      | Reached XP level 3. HP: 19/23 MP: 3/3
   615 | D:2      | Reached XP level 4. HP: 4/29 MP: 3/5
   795 | D:2      | Noticed Terence
   803 | D:2      | Killed Terence
   804 | D:2      | Reached skill level 1 in Spellcasting
  1021 | D:2      | Reached XP level 5. HP: 34/34 MP: 6/6
  1482 | D:2      | Noticed Natasha
  1489 | D:2      | Killed Natasha
  1629 | D:2      | Identified a scroll of acquirement
  1629 | D:2      | Acquired 692 gold pieces
  1738 | D:3      | Noticed Jessica
  1744 | D:3      | Killed Jessica
  1895 | D:3      | Found a glowing drain.
  1960 | Sewer    | Entered a sewer
  2021 | Sewer    | Noticed a kobold brigand
  2039 | Sewer    | Reached XP level 6. HP: 40/41 MP: 8/8
  2315 | Sewer    | Killed by an exploding butterfly... ignited by their inner
                  | flame

Illustrated notes

Levels and vault maps discovered:
D:1:      ebering_trefoil_3fold, layout_rooms, ebering_ecumenical_altar_hall,
          nicolae_concentric_dashed_squares_mild
D:2:      layout_basic, uniq_natasha, uniq_terence
D:3:      minmay_razor_zed, layout_loops_ring, cheibrodos_sewer_entry_sluice,
          minmay_ruptured, uniq_jessica
Sewer:    sewer_co_15_rooms

Skill      XL: |  1  2  3  4  5  6 |
---------------+-------------------+-----
Stealth        | 1 2 |  2.7
Spellcasting   | 1 |  1.6
Fighting       | 2 3 |  3.0
Dodging        | 3 |  3.4
Unarmed Combat | 4 |  4.1
Shapeshifting  | 4 |  4.1

Action                     |  1- 3 |  4- 6 || total
---------------------------+-------+-------++-------
  Melee: Unarmed           |    54 |   100 ||   154
         Constrict         |    16 |    26 ||    42
         Tentacles         |     8 |    20 ||    28
         Punch             |     1 |     4 ||     5
    Use: Scroll            |     5 |    10 ||    15
         Potion            |     1 |       ||     1
   Stab: Sleeping          |     4 |    10 ||    14
 Armour: Skin              |    17 |    35 ||    52
  Dodge: Dodged            |    29 |    44 ||    73

Table legend: (Time is in decaauts)
 A = Elapsed time spent in this place.
 B = Non-inter-level travel time spent in this place.
 C = Inter-level travel time spent in this place.
 D = Time resting spent in this place.
 E = Time spent auto-exploring this place.
 F = Levels seen in this place.
 G = Mean time per level.
                   A        B        C        D        E       F      G
               +--------+--------+--------+--------+--------+-----+--------+
         Total |   2284 |   2254 |     30 |    242 |   1252 |   4 |  571.0 |
       Dungeon |   1933 |   1903 |     30 |    174 |   1181 |   3 |  644.3 |
         Sewer |    351 |    351 |      0 |     68 |     71 |   1 |  351.0 |
               +--------+--------+--------+--------+--------+-----+--------+

Top non-repeatable levels by time:
     D:2: 1180 daAuts
     D:1: 448 daAuts
   Sewer: 351 daAuts
     D:3: 304 daAuts
